Unix NetHack Version 3.7.0-94 Work-in-progress - last build Dec 18 2023 00:11:04 (7e3deff068b9ef4f2ebb9a71ea0f5c4a3b578a14,branch:master). Game began 2023-12-17 17:25:46, ended 2023-12-18 21:06:58. proxxiSWE, lawful male human Archeologist @ @ @% #) #### --------.-- |.....%..{| ----+----- |...>.)...| |........| |...)...... +........| ----------- |..<.....| ---------- ProxxiSWE the Exhumer St:18/03 Dx:13 Co:18 In:16 Wi:15 Ch:7 Lawful S:64858 Dlvl:17 $:1413 HP:0(96) Pw:45(45) AC:-5 Xp:10/8666 T:22142 Satiated Burdened Latest messages: What do you want to use or apply? [bkprtuwABFJKOQT or ?*] B You hear a chugging sound. The sergeant wields a flail! A spear misses you. It is missed. A spear misses you. You hit the sergeant! The sergeant swings her flail. The sergeant hits! You hit the sergeant! The sergeant swings her flail. The sergeant hits! You kill the sergeant! The soldier swings her knife. The soldier hits! There are several objects here. The soldier picks up a spear. You hit the soldier! You hit the soldier! The soldier wields a spear! The soldier thrusts her spear. The soldier hits! You kill the soldier! The hill orc picks up a knife. You kill the hill orc! You have a little trouble lifting N - a pair of old gloves. s - a K-ration (4 in total). You hear bubbling water. You have a little trouble lifting $ - 109 gold pieces (1413 in total). There are many more objects here. You hit the soldier! The soldier thrusts his spear. The soldier misses! You hit the soldier! The soldier thrusts his spear. The soldier hits! A dagger misses you. You kill the soldier! The lieutenant picks up a spear. The lieutenant swings her long sword. The lieutenant hits! The lieutenant swings her long sword. The lieutenant hits again! You hit the lieutenant! The lieutenant swings her long sword. The lieutenant hits! The lieutenant swings her long sword. The lieutenant hits again! You die... Do you want your possessions identified? [ynq] (y) q Inventory: Coins $ - 1413 gold pieces Weapons E - the rustproof +0 Demonbane p - a +5 dwarvish mattock (weapon in hands) X - the blessed rustproof +3 Excalibur Armor L - a blessed +2 elven leather helm (being worn) n - an uncursed +0 pair of leather gloves N - an uncursed +0 pair of leather gloves P - an uncursed +3 pair of iron shoes (being worn) W - an uncursed +0 elven cloak (being worn) a - an uncursed +0 dwarvish mithril-coat (being worn) C - an uncursed +0 elven mithril-coat Comestibles x - an uncursed food ration s - 4 uncursed K-rations j - 2 uncursed pancakes H - an uncursed lizard corpse Scrolls G - a blessed scroll of blank paper f - an uncursed scroll of create monster S - an uncursed scroll of enchant armor D - an uncursed scroll of fire h - an uncursed scroll of genocide q - an uncursed scroll of identify g - an uncursed scroll of remove curse U - an uncursed scroll of stinking cloud Potions z - an uncursed potion of booze M - an uncursed potion of enlightenment Y - an uncursed potion of fruit juice m - an uncursed potion of gain energy o - a blessed potion of gain level c - an uncursed potion of object detection i - an uncursed potion of water Rings I - a blessed +1 ring of increase damage (on right hand) l - an uncursed ring of stealth (on left hand) v - an uncursed ring of stealth Wands F - a wand of digging (0:7) K - a wand of digging (0:5) Q - a wand of lightning (0:1) J - a wand of make invisible (0:8) Tools B - an uncursed sack containing 17 items b - a blessed brass lantern r - an uncursed credit card A - a blessed magic marker (0:26) w - an uncursed magic whistle O - an uncursed mirror k - an uncursed skeleton key T - a blessed tinning kit (0:71) u - a +0 unicorn horn Gems/Stones y - a blessed luckstone t - an uncursed touchstone Contents of the sack: 8845 gold pieces an uncursed lembas wafer 11 uncursed scrolls of blank paper an uncursed scroll of teleportation a cursed scroll of teleportation an uncursed potion of oil 7 potions of holy water 3 uncursed amethyst stones 2 uncursed chrysoberyl stones an uncursed citrine stone 2 uncursed diamonds 3 uncursed emeralds 4 uncursed obsidian stones 2 uncursed rubies 2 uncursed sapphires 2 uncursed turquoise stones an uncursed luckstone ProxxiSWE the Archeologist's attributes: Background: You were an Exhumer, a level 10 male human Archeologist. You were lawful, on a mission for Quetzalcoatl who was opposed by Camaxtli (neutral) and Huhetotl (chaotic). You were right-handed. You were in the Dungeons of Doom, on level 17. You entered the dungeon 22142 turns ago. You had 8666 experience points, 1334 more were needed to attain level 11. Your score was 64858 before end-of-game adjustments. Basics: You had 0 out of 96 hit points. You had all 45 energy points (spell power). Your armor class was -5. Your wallet contained 1413 zorkmids, and you had 8845 more stashed away in your pack. Autopickup was on for '$!?/="' plus thrown. Final Characteristics: Your strength was 18/03 (limit:18/100). Your dexterity was 13 (limit:18). Your constitution was 18 (limit:18). Your intelligence was 16 (limit:18). Your wisdom was 15 (limit:18). Your charisma was 7 (limit:18). Final Status: You were satiated. You were burdened; movement was slightly slowed. You were wielding a mattock. You had expert skill with pick-axe. Final Attributes: You were piously aligned. You were sleep resistant. You were poison resistant. You were telepathic. You had automatic searching. You were stealthy. You had a small damage bonus (+1). You were guarded. You were fast. You were extremely lucky. You had extra luck. Good luck did not time out for you. You are dead. Miscellaneous: You never encountered a bones level. Total elapsed playing time was 4 hours, 16 minutes and 59 seconds. Major events: Turn 1: proxxiSWE the lawful male human Archeologist entered the dungeon 1388: attained the rank of Field Worker (level 3) 1568: entered the Gnomish Mines 6477: attained the rank of Investigator (level 6) 7305: reached Mine Town 12309: attained the rank of Exhumer (level 10) 12389: acquired the Mines' End luckstone 17427: entered Sokoban 18046: was bestowed with Demonbane by Quetzalcoatl 18776: signified by divine providence, was chosen to carry Excalibur 22142: killed by a lieutenant Vanquished creatures: a titanothere a baby yellow dragon an ettin 2 vampires a lieutenant a ghost an elven monarch a stalker an air elemental an earth elemental a hill giant a xorn an elf-noble a sergeant 3 wargs 3 small mimics a warhorse 3 xans 3 ettin mummies 2 ogre leaders 3 quantum mechanics a troll a wood golem 2 gelatinous cubes 2 large dogs a tiger 2 gargoyles a dwarf ruler an ochre jelly 2 leocrottas a red naga 3 pythons 3 wraiths 4 ettin zombies a Grey-elf 4 soldiers a chameleon a crocodile a giant beetle a quivering blob 3 cockatrices 5 wolves 4 winter wolf cubs 2 panthers 3 gremlins an iron piercer 5 giant spiders 3 scorpions 4 horses an ice vortex a black light a vampire bat 5 gnome rulers 3 orc mummies a dwarf mummy a brown pudding 2 rust monsters an owlbear a yeti 2 gold golems 4 werewolves 3 lizards a dog a dwarf leader a white unicorn 5 dust vortices 4 ravens 2 plains centaurs 3 gnome mummies 3 snakes 4 apes a rope golem a Woodland-elf 3 soldier ants 19 bugbears an imp a quasit 2 water nymphs 2 mountain nymphs 5 Mordor orcs an orc shaman 2 rock piercers 3 rock moles 2 ponies a fog cloud 4 yellow lights a shrieker 4 violet fungi 23 gnome leaders 5 gnomish wizards 6 kobold mummies 4 gray oozes a barrow wight 2 ghouls a straw golem 6 paper golems 10 giant ants 3 floating eyes 2 kittens 17 dwarves 4 homunculi 3 kobold leaders 3 kobold shamans 14 hill orcs 5 rothes a centipede 2 giant bats 2 monkeys 3 orc zombies 2 dwarf zombies a wererat a werejackal 11 iguanas 24 killer bees 3 acid blobs a coyote 2 gas spores 3 hobbits 3 large kobolds 15 hobgoblins 7 giant rats 2 cave spiders 3 brown molds 3 yellow molds 3 green molds 4 red molds 68 gnomes 6 gnome zombies 11 geckos 14 jackals a kobold 8 goblins 9 grid bugs 6 bats 10 lichens 2 kobold zombies 4 newts 543 creatures vanquished. No species were genocided or became extinct. Voluntary challenges: You read items or engraved 47 times. You engraved Elbereth 1 time. You never genocided any monsters. You never polymorphed an object. You used no wishes. You did not violate any of the special Sokoban rules. Achievements: You entered a shop. You attained the rank of Field Worker. You entered the Gnomish Mines. You attained the rank of Investigator. You entered Minetown. You entered a temple. You attained the rank of Exhumer. You completed the Gnomish Mines. You entered Sokoban. The Dungeons of Doom: levels 1 to 17 Level 1: Level 2: A general store. Level 3: Stairs down to The Gnomish Mines. Level 4: Level 5: Level 6: Many altars. Level 7: A fountain. Level 8: Level 9: A fountain. Oracle of Delphi. Level 10: Stairs up to Sokoban, level 9. Level 11: An altar to Quetzalcoatl. Portal to Fort Ludios. Level 12: An altar. Level 13: A fountain. Level 14: Level 15: A primitive area. Level 16: A fountain. Summoned by Lord Carnarvon. Level 17: <- You were here. A fountain. Final resting place for you, killed by a lieutenant. The Gnomish Mines: levels 4 to 12 Level 4: Level 5: Level 6: Level 7: Many shops, a temple and an altar to Quetzalcoatl, some fountains, some trees. Level 8: Level 9: Level 10: Level 11: Level 12: A fountain. Sokoban: Level 9: Unsolved. Fort Ludios: Level 1: Game over: ---------- / \ / REST \ / IN \ / PEACE \ / \ | proxxiSWE | | 10258 Au | | killed by a | | lieutenant | | | | | | 2023 | *| * * * | * _________)/\\_//(\/(/\)/\//\/|_)_______ Goodbye proxxiSWE the Archeologist... You died in The Dungeons of Doom on dungeon level 17 with 63833 points, and 10258 pieces of gold, after 22142 moves. You were level 10 with a maximum of 96 hit points when you died.